 Dungeon Crawl Stone Soup version 0.32-a0-422-g28b100f618 (webtiles) character file.

Game seed: 8965686564851215877

2991 ezpacito the Chopper (level 9, -6/91 (102) HPs)
             Began as a Coglin Chaos Knight on Feb 22, 2024.
             Was a Plaything of Xom.
             Shot with an arrow by an orc warrior (10 damage)
             ... on level 6 of the Dungeon.
             The game lasted 00:12:18 (4868 turns).

ezpacito the Chopper (Coglin Chaos Knight)          Turns: 4868, Time: 00:12:19

HP:   -6/91 (102)   AC: 28    Str: 16    XL:     9   Next: 83%
MP:   14/14         EV:  2    Int: 13    God:    Xom [.*....]
Gold: 304           SH:  5    Dex: 13    Spells: 8/15 levels left

rFire   . . .        a - +0 hand axe (chaos) {Surjit}
rCold   . . .        h - +0 hand axe {Haeun}
rNeg    . . .        w - melded +2 leather armour "Vucef" {rPois rN++ rCorr MP+9}
rPois   +            (helmet currently unavailable)
rElec   .            (cloak currently unavailable)
rCorr   .            G - melded +2 pair of gloves
SInv    .            g - melded +1 pair of boots
Will    .....        u - amulet of reflection
Stlth   ++           j - +4 ring of protection
HPRegen 0.35/turn    l - ring of wizardry
MPRegen 0.14/turn

%: reflection, wizardry (x1)
@: mighty, tree-form, studying Ranged Weapons, heavily drained, revved
A: stationary, stasis, torment immunity, boosted hp, off-hand wielding, slow
wielding, warmup strikes, (legs shutdown), (heat vulnerability 1)
a: Renounce Religion


You were on level 6 of the Dungeon.
You worshipped Xom.
You were a plaything of Xom.
You were a tree.
You visited 1 branch of the dungeon, and saw 6 of its levels.

You collected 476 gold pieces.
You spent 172 gold pieces at shops.

Inventory:

Hand Weapons
 a - a +0 hand axe of chaos (weapon) {Surjit}
 c - a +1 battleaxe of draining
 d - a +0 orcbow
 h - a +0 hand axe (offhand) {Haeun}
 o - a +0 rapier of venom
 p - a +0 falchion
 t - a +3 whip
 y - a +0 short sword of flaming
Missiles
 A - 6 boomerangs (quivered)
Armour
 g - a +1 pair of boots (melded)
 w - the +2 leather armour "Vucef" (melded) {rPois rN++ rCorr MP+9}
   (You found it on level 3 of the Dungeon)

   rPois:     It protects you from poison rN++: It greatly protects you from
   negative energy.
   MP+9:      It affects your magic capacity (+9).
   rCorr:     It protects you from acid and corrosion.
 D - a +0 chain mail
 G - a +2 pair of gloves (melded)
Jewellery
 f - a ring of ice
 j - a +4 ring of protection (left branch)
 l - a ring of wizardry (right branch)
 u - an amulet of reflection (around neck)
Wands
 z - a wand of charming (14)
 C - a wand of mindburst (16)
Scrolls
 e - a scroll of amnesia
 n - a scroll of teleportation
Potions
 i - 4 potions of enlightenment
 m - 2 potions of attraction


   Skills:
 * Level 5.5 Fighting
 * Level 5.7 Axes
 * Level 2.5 Ranged Weapons
 * Level 4.7 Armour
 * Level 4.3 Dodging
 + Level 2.8 Stealth
 + Level 2.8 Unarmed Combat
 * Level 3.9 Spellcasting
 + Level 2.6 Summonings
 * Level 4.4 Alchemy
 * Level 2.3 Evocations


You had 8 spell levels left.
You knew the following spells:

 Your Spells              Type           Power      Damage    Failure   Level
a - Summon Blazeheart Go  Fire/Summ      5%         N/A       43%         4
b - Mephitic Cloud        Conj/Alch/Air  6%         N/A       14%         3

Your spell library contained the following spells:

 Spells                   Type           Power      Damage    Failure   Level
 Summon Small Mammal      Summ           36%        N/A       2%          1
 Call Canine Familiar     Summ           9%         N/A       9%          3
 Dazzling Flash           Conj/Hex       4%         N/A       26%         3
 Curse of Agony           Necr           2%         N/A       90%         5
 Silence                  Hex/Air        1%         N/A       90%         5


Dungeon Overview and Level Annotations

Branches:
Dungeon (6/15)             Temple (0/1) D:6

Altars:
Dithmenos

Shops:
D:2 :*

Annotations:
D:3 2 runed translucent doors, Biggs's ghost, amateur CoFi
D:6 Jeremiah


Innate Abilities, Weirdness & Mutations

You are a tree.
Your roots penetrate the ground, keeping you stationary.
You cannot be teleported.
You are immune to unholy pain and torment.
Your maximum health is greatly increased.
Your equipment is partially melded.
You can wield a second weapon in your off-hand.
It takes a long time for you to wield or remove held weapons.
Your first few attacks do less damage.
((Attacking and casting redirects power from your legs.))
((You are vulnerable to heat. (rF-)))


Message History

The butterfly disappears in a burst of colours!
The butterfly is engulfed in poison gas.
The butterfly is poisoned.
You kill the butterfly!
The butterfly disappears in a burst of colours!
The butterfly is poisoned.
Jeremiah hits you from afar with a +4 trident of draining.
* * * LOW HITPOINT WARNING * * *
You feel drained.
* * * LOW HITPOINT WARNING * * *
The butterfly is engulfed in poison gas.
The butterfly is poisoned.
You kill the butterfly!
The butterfly disappears in a burst of colours!
Your iguana closely misses Jeremiah.
Okay, then.
Aiming: Mindburst
Press: ? - help, Shift-Dir - straight line, f - kobold brigand
Aim: a kobold brigand, wielding a +0 whip and quivering poisoned darts (heavily wounded, chance to affect: 74%)
The kobold brigand's mind is blasted!!
You blow up the kobold brigand!
You kill the butterfly!
The butterfly disappears in a burst of colours!
Jeremiah hits you but does no damage.
You feel drained.
The butterfly is engulfed in poison gas.
The butterfly is poisoned.
You kill the butterfly!
The butterfly disappears in a burst of colours!
Your iguana bites Jeremiah.
You slash the butterfly with your +0 hand axe of chaos!
You kill the butterfly!
The butterfly disappears in a burst of colours!
You barely miss the adder with your +0 hand axe of chaos.
You barely miss the adder with your +0 hand axe.
The butterfly is engulfed in poison gas.
The butterfly is poisoned.
You kill the butterfly!
The butterfly disappears in a burst of colours!
The orc warrior shoots an arrow.
The arrow hits you!
You die...
Xom laughs nastily!

,,,,,,,,,**,**,,,**,,,>,,,,,,,,*
,,,,,,,,,##§##§§.....(§§*,**,,,*
,,,,,,,**##.§§§§##.#.§§§********
,,,,,,,,*##l#§§§###.§§§§,,**,**
*,,***,,*####§§§§##§§§§§,,*,,,*
*,,* *,,,####§§§§##§§§§§,,*,,,*
*,** *,,,..##§§..o§§§§§§,,,,,,*
,,* **,,*...#§§)§).§§§§§,,,,,,*
,,***,,,*#o....#♣lF#....,,,,,**
,,,,*,,**###...#S).##K..,,,,,*
,,,,,,*###..f.##§Kb#####,,,,****
,,,,,,,#.)..###§§..#####,,,,**,*
,,,,,,,.....###§§§§.###.,*,,,,,**
,,..,,,,*##...§§*§§§§##K,,,,,,,,*
,....##**##...§§§###§##.,,,,,,,**
,....#.###...§#§§###§K..,,**,,,,*
,.......#....##..##.,...,,**,,,,,


You could see Jeremiah (ally target), an orc warrior, an adder, 2 kobolds, a
friendly iguana (summoned, very poisoned) and a friendly battlesphere.

Vanquished Creatures
  A troll (D:5)
  A spriggan (D:5)
  An ice beast (D:5)
  2 sky beasts
  3 black bears
  An ogre (D:6)
  Blork the orc (D:6)
  A kobold brigand (D:6)
  4 scorpions (D:5)
  A bullfrog (D:6)
  4 wights (D:6)
  A hound (D:6)
  A jelly (D:4)
  2 orc priests (D:5)
  2 iguanas
  4 orc wizards
  4 gnolls (D:4)
  10 adders
  A white imp (D:5)
  2 ufetubi (D:5)
  4 dart slugs
  2 ribbon worms (D:3)
  9 orcs
  9 endoplasms
  2 giant cockroaches
  8 hobgoblins
  17 jackals
  7 quokkas
  2 ball pythons
  4 bats
  4 frilled lizards
  4 goblins
  7 kobolds
  9 rats
135 creatures vanquished.

Vanquished Creatures (collateral kills)
  Pikel (D:5)
  A water moccasin (D:6)
  A lemure (D:5)
  A centaur (D:5)
  A hound (D:4)
  4 orcs
  A kobold (D:6)
10 creatures vanquished.

Vanquished Creatures (others)
  A centaur (D:5)
1 creature vanquished.

Grand Total: 146 creatures vanquished

Notes
Turn   | Place    | Note
-------+----------+-------------------------------------------
     0 | D:1      | ezpacito the Coglin Chaos Knight began the quest for the
                  | Orb.
     0 | D:1      | Reached XP level 1. HP: 18/18 MP: 1/1
    46 | D:1      | Reached skill level 1 in Dodging
    64 | D:1      | Reached XP level 2. HP: 24/24 MP: 2/2
   105 | D:1      | XOM: silly message
   165 | D:1      | Reached XP level 3. HP: 20/29 MP: 3/3
   271 | D:1      | Reached skill level 1 in Spellcasting
   588 | D:2      | Found Fopsaehi's Book Shop.
   593 | D:2      | Reached XP level 4. HP: 32/35 MP: 5/5
   744 | D:2      | Reached skill level 1 in Unarmed Combat
   855 | D:2      | Reached skill level 1 in Stealth
   889 | D:2      | Learned a level 4 spell: Summon Blazeheart Golem
   898 | D:2      | XOM: silly message
  1057 | D:2      | Found Kiepych's Assorted Antiques.
  1081 | D:2      | Bought a scroll labelled ITUTTI UKIOJIWAM for 25 gold
                  | pieces
  1081 | D:2      | Bought a smoky puce potion for 22 gold pieces
  1100 | D:2      | Reached XP level 5. HP: 41/41 MP: 7/7
  1571 | D:3      | XOM: divination: detect items
  1603 | D:3      | Identified the +2 leather armour "Vucef" {rPois rN++ rCorr
                  | MP+9}
  1883 | D:3      | Found a shadowy altar of Dithmenos.
  1978 | D:3      | Found a runed translucent door.
  1980 | D:3      | Noticed Biggs's ghost (amateur CoFi)
  2008 | D:3      | Found a runed translucent door.
  2113 | D:3      | XOM: silly message
  2202 | D:3      | Learned a level 3 spell: Mephitic Cloud
  2302 | D:4      | XOM: smoke on damage
  2309 | D:4      | Reached XP level 6. HP: 42/47 MP: 8/8
  2655 | D:4      | Noticed a black bear
  2657 | D:4      | XOM: cast spell 'Leda's Liquefaction'
  2665 | D:4      | Killed a black bear
  2666 | D:4      | Reached skill level 1 in Alchemy
  2681 | D:4      | Reached XP level 7. HP: 53/53 MP: 10/10
  2709 | D:4      | XOM: silly message
  2725 | D:4      | Reached skill level 1 in Summonings
  3235 | D:5      | Entered Level 5 of the Dungeon
  3252 | D:5      | XOM: potion effect (haste)
  3378 | D:5      | XOM: smoke on damage
  3383 | D:5      | Reached XP level 8. HP: 45/60 MP: 11/11
  3819 | D:5      | XOM: god gift: 11 gold pieces
  4019 | D:5      | Noticed a troll
  4032 | D:5      | Killed a troll
  4033 | D:5      | Reached skill level 5 in Axes
  4045 | D:5      | Reached XP level 9. HP: 49/67 MP: 14/14
  4173 | D:5      | Reached skill level 5 in Fighting
  4409 | D:5      | XOM: give mutation
  4409 | D:5      | Gained mutation: You are vulnerable to heat. (rF-) [Xom's
                  | mischief]
  4455 | D:5      | XOM: god gift: 41 gold pieces
  4537 | D:2      | Bought a twisted jasper amulet for 125 gold pieces
  4540 | D:2      | XOM: noise
  4634 | D:6      | Noticed Pikel
  4654 | D:6      | Noticed Blork the orc
  4669 | D:5      | Killed Pikel
  4670 | D:5      | Reached skill level 1 in Ranged Weapons
  4670 | D:5      | Reached skill level 1 in Evocations
  4766 | D:5      | XOM: divination: detect items
  4776 | D:6      | XOM: summons friendly iron imp
  4780 | D:6      | Killed Blork the orc
  4845 | D:6      | Noticed Jeremiah
  4856 | D:6      | XOM: noise
  4864 | D:6      | XOM: cast spell 'Iskenderun's Battlesphere'
  4866 | D:6      | HP: 4/91 [Jeremiah/+4 trident of draining (1)]
  4868 | D:6      | Shot with an arrow by an orc warrior

Illustrated notes

Levels and vault maps discovered:
D:1:      tarquinn_simple_flora_water_b, layout_rooms, nrook_mini_vaults
D:2:      layout_basic, serial_shops, nicolae_shop_overgrown_old_shop,
          nicolae_shop_tiny_glass
D:3:      layout_loops_cross, old_standard_altar, ebering_ghost_sewer_f,
          minivault_25
D:4:      layout_loops_ring, kennysheep_flooded_box
D:5:      layout_gridville, serial_bayou, serial_bayou_ford_a,
          serial_bayou_shore_a, serial_bayou_pond_e, serial_bayou_shore_b,
          minmay_manual_mess
D:6:      cheibrodos_thug_alley, layout_cave_pools, led_xom_imps,
          lemuel_temple_firewalk_a, serial_shops, shop, uniq_pikel,
          uniq_jeremiah, uniq_blork_the_orc

Skill      XL: |  1  2  3  4  5  6  7  8  9 |
---------------+----------------------------+-----
Dodging        | 1 2 3 4 |  4.3
Armour         | 2 3 4 |  4.7
Spellcasting   | 1 2 3 |  3.9
Unarmed Combat | 1 2 |  2.8
Stealth        | 1 2 |  2.8
Axes           | 4 5 |  5.7
Alchemy        | 1 2 3 4 |  4.4
Fighting       | 4 5 |  5.5
Summonings     | 1 2 |  2.6
Ranged Weapons | 2 |  2.5
Evocations     | 2 |  2.3

Action                     |  1- 3 |  4- 6 |  7- 9 || total
---------------------------+-------+-------+-------++-------
  Melee: Hand axe          |    83 |   271 |   344 ||   698
   Cast: Mephitic Cloud    |       |       |     1 ||     1
  Evoke: Wand              |       |       |     1 ||     1
    Use: Scroll            |       |     2 |     9 ||    11
         Potion            |       |     1 |    10 ||    11
   Stab: Distracted        |       |     1 |     1 ||     2
         Confused          |       |     1 |     1 ||     2
         Sleeping          |       |       |     1 ||     1
         Petrified         |       |       |     3 ||     3
         Petrifying        |       |       |     2 ||     2
 Armour: Leather armour    |    55 |    66 |   226 ||   347
         Scale mail        |       |    25 |       ||    25
         Skin              |       |       |    62 ||    62
  Dodge: Dodged            |    52 |    94 |   118 ||   264
  Block: Other             |       |       |    16 ||    16
         Reflection        |       |       |     1 ||     1

Table legend: (Time is in decaauts)
 A = Elapsed time spent in this place.
 B = Non-inter-level travel time spent in this place.
 C = Inter-level travel time spent in this place.
 D = Time resting spent in this place.
 E = Time spent auto-exploring this place.
 F = Levels seen in this place.
 G = Mean time per level.
                   A        B        C        D        E       F      G
               +--------+--------+--------+--------+--------+-----+--------+
         Total |   4893 |   4513 |    380 |    217 |   3149 |   6 |  815.5 |
       Dungeon |   4893 |   4513 |    380 |    217 |   3149 |   6 |  815.5 |
               +--------+--------+--------+--------+--------+-----+--------+

Top non-repeatable levels by time:
     D:5: 1406 daAuts
     D:4: 1015 daAuts
     D:3: 985 daAuts
     D:2: 832 daAuts
     D:1: 551 daAuts
     D:6: 101 daAuts
